 Dungeon Crawl Stone Soup version 0.30.1-3-gfc49f6343a (webtiles) character file.

Game seed: 17000022994831760925

93 shmup the Firebug (level 4, 0/24 HPs)
             Began as a Tengu Fire Elementalist on July 25, 2023.
             Slain by Grinder (3 damage)
             ... on level 3 of the Dungeon.
             The game lasted 00:08:12 (1616 turns).

shmup the Firebug (Tengu Fire Elementalist)         Turns: 1616, Time: 00:08:12

Health: 0/24       AC:  2    Str:  8    XL:     4   Next: 62%
Magic:  7/8        EV: 12    Int: 18    God:
Gold:   125        SH:  0    Dex: 14    Spells: 4/7 levels left

rFire   . . .        l - +0 dagger
rCold   + . .        (no shield)
rNeg    . . .        a - +0 robe
rPois   .            (helmet restricted)
rElec   .            (no cloak)
rCorr   .            (no gloves)
SInv    .            (boots unavailable)
Will    .....        (no amulet)
Stlth   ++           n - ring of protection from cold
HPRegen 0.24/turn    (no ring)
MPRegen 0.11/turn

%: no passive effects
@: slowed, very slow
A: beak, talons 3
a: no special abilities


You were on level 3 of the Dungeon.
You visited 1 branch of the dungeon, and saw 3 of its levels.

You collected 125 gold pieces.

Inventory:

Hand Weapons
 l - a +0 dagger (weapon)
Missiles
 h - 10 stones
 o - 3 javelins
Armour
 a - a +0 robe (worn)
 m - an orb of light
Jewellery
 n - a ring of protection from cold (left hand)
Wands
 p - a wand of iceblast (3)
Scrolls
 c - 6 scrolls of identify {unknown}
 d - a scroll of fear {unknown}
 e - a scroll of silence {unknown}
 g - a scroll of magic mapping {unknown}
 i - a scroll of enchant armour {unknown}
Potions
 b - a potion of magic
 f - a potion of curing {unknown}
 j - a potion of resistance {unknown}
 k - a potion of degeneration {unknown}


   Skills:
 - Level 2.1 Dodging
 - Level 2.0 Stealth
 - Level 2.0 Spellcasting
 + Level 3.4 Conjurations
 * Level 5.1 Fire Magic


You had 4 spell levels left.
You knew the following spells:

 Your Spells              Type           Power      Damage    Failure   Level
a - Foxfire               Conj/Fire      68%        2x1d7     3%          1
b - Scorch                Fire           40%        2d6       3%          2

Your spell library contained the following spells:

 Spells                   Type           Power      Damage    Failure   Level
 Inner Flame              Hex/Fire       10%        N/A       19%         3
 Volatile Blastmotes      Fire/Tloc      20%        2d11      19%         3
 Sublimation of Blood     Necr           1%         N/A       26%         2
 Flame Wave               Conj/Fire      17%        2d7       30%         4
 Petrify                  Tmut/Erth      1%         N/A       87%         4
 Irradiate                Conj/Tmut      3%         3d12      94%         5


Dungeon Overview and Level Annotations

Branches:
Dungeon (2/15)

Altars:

Annotations:
D:3 Grinder, Natasha


Innate Abilities, Weirdness & Mutations

You have a beak for a mouth.
You have claws for feet.


Message History

You hit the giant cockroach.
You claw the giant cockroach, but do no damage.
The giant cockroach is moderately wounded.
The giant cockroach bites you.
You hit the giant cockroach but do no damage.
You claw the giant cockroach.
You kill the giant cockroach!
You see here a giant cockroach corpse.
HP restored.
You open the door.
Natasha, Servant of Life and Death comes into view.
Found a scroll labelled NIMUMA ZARO.
Grinder comes into view.
Found a stone staircase leading up.
There is an open door here.
Casting: Scorch (safe; 3% risk of failure)
Confirm with . or Enter, or press ? or * to list all spells.
Flames lash Natasha.
Natasha is severely wounded.
Natasha's fire resistance burns away.
Grinder says, "Just stop there for a second..."
Natasha casts a spell at you. The magic dart hits you!
Ouch! That really hurt!
* * * LOW HITPOINT WARNING * * *
Natasha is no longer more vulnerable to fire.
Natasha attacks as you move away! Natasha claws you.
* * * LOW HITPOINT WARNING * * *
Natasha wildly gestures.
Natasha shimmers violently.
Natasha casts a spell at you.
You feel yourself slow down.
Grinder blinks!
You see here a giant cockroach corpse.
You barely miss Grinder. Natasha claws you.
* * * LOW HITPOINT WARNING * * *
Grinder hits you.
* * * LOW HITPOINT WARNING * * *
You writhe in agony.
You die...

▒.▒ ▒▒▒▒▒▒▒▒▒ ▒.▒
<▒ ▒.▒ .▒ ▒.▒ .▒
▒.▒ .▒▒▒▒▒▒ ▒.▒
....... ▒.▒
.......
▒5▒▒▒▒▒▒▒▒▒.......
▒.Qh...#..'.......
▒▒▒▒▒▒▒▒▒▒▒.......
....... ....?..
....... .......
....... .......


You could see Grinder and Natasha.

Vanquished Creatures
  Jessica (D:1)
  Natasha (D:3)
  3 dart slugs (D:1)
  4 ball pythons (D:1)
  An endoplasm (D:1)
  2 giant cockroaches
  4 goblins (D:1)
  A hobgoblin (D:1)
  4 jackals (D:2)
  5 kobolds
  3 bats (D:1)
  2 frilled lizards (D:1)
  2 rats
33 creatures vanquished.

Vanquished Creatures (others)
  63 foxfires
63 creatures vanquished.

Grand Total: 96 creatures vanquished

Notes
Turn   | Place    | Note
-------+----------+-------------------------------------------
     0 | D:1      | shmup the Tengu Fire Elementalist began the quest for the
                  | Orb.
     0 | D:1      | Reached XP level 1. HP: 10/10 MP: 4/4
   116 | D:1      | Reached XP level 2. HP: 15/15 MP: 4/6
   119 | D:1      | Learned a level 2 spell: Scorch
   390 | D:1      | Reached skill level 4 in Fire Magic
   705 | D:1      | Reached XP level 3. HP: 17/19 MP: 4/7
  1012 | D:1      | Found a faded altar of an unknown god.
  1139 | D:2      | Noticed Jessica
  1195 | D:1      | Killed Jessica
  1196 | D:1      | Reached XP level 4. HP: 13/24 MP: 1/8
  1298 | D:2      | You fall into a shaft and drop 1 floor!
  1413 | D:3      | Noticed Natasha
  1429 | D:3      | Killed Natasha
  1430 | D:3      | Reached skill level 5 in Fire Magic
  1605 | D:3      | Noticed Natasha
  1606 | D:3      | Noticed Grinder
  1616 | D:3      | Slain by Grinder

Illustrated notes

Levels and vault maps discovered:
D:1:      heliophobic_arrival_henge, layout_basic,
          ebering_ecumenical_altar_mist, nrook_uturn, dreamdust_princess_bridge
D:2:      layout_rooms, kennysheep_flooded_box, minmay_indecisive_spiral,
          uniq_crazy_yiuf_cottage, uniq_jessica
D:3:      layout_basic, nemelex_spade_bored_becter, gammafunk_ghost_stat_death,
          uniq_natasha, uniq_grinder

Skill      XL: |  1  2  3  4 |
---------------+-------------+-----
Conjurations   | 2 3 |  3.4
Fire Magic     | 4 5 |  5.1
Dodging        | |  2.1
Stealth        | |  2.0
Spellcasting   | |  2.0

Action                     |  1- 3 |  4- 6 || total
---------------------------+-------+-------++-------
  Melee: Kick              |     1 |     3 ||     4
         Unarmed           |     1 |       ||     1
         Dagger            |     2 |     5 ||     7
   Cast: Foxfire           |    33 |     4 ||    37
         Scorch            |     5 |     5 ||    10
 Armour: Robe              |     4 |       ||     4
  Dodge: Dodged            |    17 |     6 ||    23
